 Dungeon Crawl Stone Soup version 0.29.1-15-g9cfb28693d (webtiles) character file.

Game seed: 7074350667899903862

2267280 LSt the Pulveriser (level 27, 117/225 HPs)
             Began as a Gnoll Delver on Feb 18, 2023.
             Was the Champion of Cheibriados.
             Escaped with the Orb
             ... and 4 runes on Mar 20, 2023!
             The game lasted 10:24:39 (72695 turns).

LSt the Pulveriser (Gnoll Delver)                  Turns: 72695, Time: 10:24:39

Health: 117/225    AC: 49    Str: 36    XL:     27
Magic:  30/46      EV: 29    Int: 34    God:    Cheibriados [******]
Gold:   5308       SH: 21    Dex: 38    Spells: 3/64 levels left

rFire   + + +      SeeInvis +   a - +9 war axe of the Seven Visionaries {flame, Int+2 Dex+4}
rCold   + + .      Faith    .   W - +1 kite shield {AC+3}
rNeg    + . .      Spirit   .   C - +11 gold dragon scales
rPois   +          Reflect  .   F - +4 hat of Tortured the Good {Fly Will+ Int+3 Stlth+}
rElec   +          Harm     .   G - +0 cloak of Too Many Cooks {rF++ SInv}
rCorr   +          Rampage  .   u - +0 pair of gloves of Vutazxil {rElec Int+2}
Will    +++++      Clarity  +   A - +1 pair of boots of Fedhas's Envy {Dex+3}
Stlth   +.........              x - amulet of regeneration
HPRegen 1.27/turn               V - ring of the Ancient Seas {Wiz rN+ Will++ Str-3 Int+2}
MPRegen 0.30/turn               v - ring "Jealec" {Drain rCorr Str+3 Slay+6 SInv}

@: flying, studying 2 skills, very slow
A: fangs 1, strong nose, distributed training, iridescent scales 1, clarity,
cold resistance 1, strong-willed 1, mutation resistance 1, poison resistance,
screaming 1, weak 1
0: Orb of Zot
}: 4/15 runes: decaying, slimy, silver, gossamer
a: Renounce Religion, Bend Time, Temporal Distortion, Slouch, Step From Time


You escaped.
You worshipped Cheibriados.
Cheibriados was exalted by your worship.
You visited 11 branches of the dungeon, and saw 53 of its levels.
You visited 1 bazaar.
You also visited: Gauntlet.

You collected 7995 gold pieces.
You spent 2687 gold pieces at shops.

Inventory:

Hand Weapons
 a - the +9 war axe of the Seven Visionaries (weapon) {flame, Int+2 Dex+4}
   (You took it off a deep elf pyromancer on level 3 of the Elven Halls)

   It burns those it strikes, dealing additional fire damage.
   Big, fiery blades are also staple armaments of hydra-hunters.
   Int:       It affects your intelligence (+2).
   Dex:       It affects your dexterity (+4).
 b - a +3 demon trident of draining
 m - a +9 double sword of electrocution
 Z - the +10 dagger of the New World {drain, +Blink rF+++ rC+ rN+}
   (You found it on level 10 of the Dungeon)

   A truly terrible weapon, it drains the life of any living foe it strikes.
   rF:        It renders you almost immune to fire.
   rC:        It protects you from cold.
   rN:        It protects you from negative energy.
   +Blink:    It lets you blink.
Missiles
 f - 5 boomerangs of dispersal
 h - 4 throwing nets
 s - 13 javelins (quivered)
Armour
 u - the +0 pair of gloves of Vutazxil (worn) {rElec Int+2}
   (You acquired it on level 3 of the Realm of Zot)

   Int:       It affects your intelligence (+2).
   rElec:     It insulates you from electricity.
 A - the +1 pair of boots of Fedhas's Envy (worn) {Dex+3}
   (You found it on level 5 of the Pits of Slime)

   Dex:       It affects your dexterity (+3).
 C - +11 gold dragon scales (worn)
 F - the +4 hat of Tortured the Good (worn) {Fly Will+ Int+3 Stlth+}
   (You found it on level 2 of the Elven Halls)

   Int:       It affects your intelligence (+3).
   Fly:       It grants you flight.
   Will:      It increases your willpower.
   Stlth:     It makes you more stealthy.
 G - the +0 cloak of Too Many Cooks (worn) {rF++ SInv}
   (You acquired it on level 3 of the Lair of Beasts)

   rF:        It greatly protects you from fire.
   SInv:      It lets you see invisible.
 W - a +1 kite shield of protection (worn)
Jewellery
 q - the ring of Virtue {EV+4 Str+6 Dex+3}
   (You found it in a Gauntlet)

   [ring of evasion]

   EV:        It affects your evasion (+4).
   Str:       It affects your strength (+6).
   Dex:       It affects your dexterity (+3).
 v - the ring "Jealec" (right hand) {Drain rCorr Str+3 Slay+6 SInv}
   (You bought it in a shop on level 2 of the Orcish Mines)

   [ring of resist corrosion]

   Str:       It affects your strength (+3).
   Slay:      It affects your accuracy & damage with ranged weapons and melee
   (+6).
   SInv:      It lets you see invisible.
   rCorr:     It protects you from acid and corrosion.
   Drain:     It drains your maximum health when unequipped.
 x - an amulet of regeneration (around neck)
 z - an amulet of reflection
 V - the ring of the Ancient Seas (left hand) {Wiz rN+ Will++ Str-3 Int+2}
   (You took it off a deep elf zephyrmancer on level 3 of the Elven Halls)

   [ring of wizardry]

   It improves your spell success rate.
   Str:       It affects your strength (-3).
   Int:       It affects your intelligence (+2).
   rN:        It protects you from negative energy.
   Will:      It greatly increases your willpower.
Wands
 i - a wand of quicksilver (24)
 p - a wand of mindburst (49)
 t - a wand of polymorph (6)
 y - a wand of digging (8)
 N - a wand of paralysis (63)
 T - a wand of roots (40)
Scrolls
 e - 14 scrolls of fear
 l - 2 scrolls of silence
 r - 8 scrolls of blinking
 D - 7 scrolls of butterflies
 E - 6 scrolls of magic mapping
 I - 6 scrolls of immolation
 L - 22 scrolls of teleportation
 Q - 10 scrolls of vulnerability
 R - 3 scrolls of summoning
 X - 12 scrolls of poison
Potions
 d - 7 potions of ambrosia
 n - 30 potions of curing
 o - 6 potions of heal wounds
 w - 9 potions of attraction
 B - 17 potions of mutation
 J - 3 potions of cancellation
 K - 5 potions of magic
 M - 13 potions of brilliance
 P - 4 potions of invisibility
 U - 3 potions of might
 Y - 9 potions of resistance
Miscellaneous
 g - a phantom mirror
 j - a lightning rod (4/4)
 k - a tin of tremorstones (2/2)
 H - a condenser vane
 O - a phial of floods
 S - a box of beasts


   Skills:
 + Level 20.3 Fighting
 + Level 19.4 Short Blades
 + Level 19.4 Long Blades
 + Level 19.4 Axes
 + Level 20.8 Maces & Flails
 + Level 19.9 Polearms
 + Level 22.3 Staves
 + Level 19.4 Ranged Weapons
 + Level 19.4 Throwing
 + Level 19.4 Armour
 + Level 19.9 Dodging
 + Level 21.2 Stealth
 + Level 19.4 Shields
 + Level 19.4 Unarmed Combat
 + Level 19.4 Spellcasting
 + Level 16.6 Conjurations
 + Level 16.6 Hexes
 + Level 16.6 Summonings
 + Level 16.6 Necromancy
 + Level 16.6 Translocations
 + Level 16.6 Transmutations
 + Level 16.6 Fire Magic
 + Level 16.6 Ice Magic
 + Level 16.6 Air Magic
 + Level 16.6 Earth Magic
 + Level 16.6 Poison Magic
 + Level 21.0 Invocations
 + Level 19.4 Evocations


You had 3 spell levels left.
You knew the following spells:

 Your Spells              Type           Power      Damage    Failure   Level
a - Monstrous Menagerie   Summ           49%        N/A       4%          7
b - Summon Mana Viper     Hex/Summ       98%        N/A       1%          5
c - Dispersal             Tloc           49%        N/A       1%          6
d - Teleport Other        Tloc           98%        N/A       1%          3
e - Summon Forest         Summ/Tloc      49%        N/A       1%          5
g - Mephitic Cloud        Conj/Pois/Air  98%        N/A       1%          3
h - Irradiate             Conj/Tmut      49%        3d28      1%          5
i - Summon Cactus Giant   Summ           49%        N/A       1%          6
j - Eringya's Noxious Bo  Tmut/Pois      49%        N/A       1%          6
k - Passage of Golubria   Tloc           98%        N/A       1%          4
l - Fulminant Prism       Conj/Hex       49%        3d21      1%          4
m - Malign Gateway        Summ/Tloc      49%        N/A       4%          7

Your spell library contained the following spells:

 Spells                   Type           Power      Damage    Failure   Level
 Apportation              Tloc           100%       N/A       0%          1
 Foxfire                  Conj/Fire      100%       2x1d9     0%          1
 Magic Dart               Conj           100%       1d8       0%          1
 Necrotise                Necr           100%       1d9       0%          1
 Slow                     Hex            100%       N/A       0%          1
 Sting                    Tmut/Pois      100%       1d8       0%          1
 Summon Small Mammal      Summ           100%       N/A       0%          1
 Ensorcelled Hibernation  Hex/Ice        100%       N/A       0%          2
 Passwall                 Tmut/Erth      81%        N/A       0%          2
 Poisonous Vapours        Pois/Air       100%       N/A       0%          2
 Scorch                   Fire           100%       2d10      0%          2
 Searing Ray              Conj           100%       2d8       0%          2
 Static Discharge         Conj/Air       98%        3-16/arc  0%          2
 Sublimation of Blood     Necr           98%        N/A       0%          2
 Confusing Touch          Hex            98%        N/A       1%          3
 Conjure Flame            Conj/Fire      98%        6-21      1%          3
 Dazzling Flash           Conj/Hex       100%       N/A       1%          3
 Frozen Ramparts          Ice            100%       1d16      1%          3
 Gell's Gravitas          Tloc           98%        N/A       1%          3
 Ignite Poison            Fire/Tmut/Pois 98%        N/A       1%          3
 Inner Flame              Hex/Fire       98%        N/A       1%          3
 Ozocubu's Armour         Ice            98%        N/A       1%          3
 Portal Projectile        Hex/Tloc       100%       N/A       1%          3
 Spider Form              Tmut/Pois      98%        N/A       1%          3
 Stone Arrow              Conj/Erth      100%       3d13      1%          3
 Summon Guardian Golem    Hex/Summ       98%        N/A       1%          3
 Swiftness                Air            98%        N/A       1%          3
 Tukima's Dance           Hex            98%        N/A       1%          3
 Vampiric Draining        Necr           98%        2d13      1%          3
 Anguish                  Hex/Necr       49%        N/A       1%          4
 Animate Dead             Necr           98%        N/A       1%          4
 Cause Fear               Hex            49%        N/A       1%          4
 Dispel Undead            Necr           98%        3d31      1%          4
 Flame Wave               Conj/Fire      98%        2d20      1%          4
 Hailstorm                Conj/Ice       98%        3d19      1%          4
 Ice Form                 Ice/Tmut       98%        N/A       1%          4
 Iskenderun's Mystic Bla  Conj/Tloc      98%        2d19      1%          4
 Olgreb's Toxic Radiance  Pois           98%        N/A       1%          4
 Petrify                  Tmut/Erth      98%        N/A       1%          4
 Summon Ice Beast         Ice/Summ       98%        N/A       1%          4
 Summon Lightning Spire   Summ/Air       98%        N/A       1%          4
 Agony                    Necr           98%        N/A       1%          5
 Alistair's Intoxication  Tmut/Pois      65%        N/A       1%          5
 Blade Hands              Tmut           49%        N/A       1%          5
 Borgnjor's Vile Clutch   Necr/Erth      49%        N/A       1%          5
 Freezing Cloud           Conj/Ice/Air   49%        6-21      1%          5
 Iskenderun's Battlesphe  Conj           98%        2d14      1%          5
 Lee's Rapid Deconstruct  Erth           49%        3d24*     1%          5
 Lightning Bolt           Conj/Air       49%        1d69      1%          5
 Silence                  Hex/Air        49%        N/A       1%          5
 Conjure Ball Lightning   Conj/Air       49%        3x3d17    1%          6
 Iron Shot                Conj/Erth      49%        9d9       1%          6
 Simulacrum               Ice/Necr       49%        N/A       1%          6
 Dragon Form              Tmut           49%        N/A       4%          7
 Orb of Destruction       Conj           49%        9d13      4%          7
 Ozocubu's Refrigeration  Ice            49%        4d18      4%          7
 Spellforged Servitor     Conj/Summ      49%        N/A       4%          7
 Storm Form               Tmut/Air       49%        N/A       4%          7
 Discord                  Hex            49%        N/A       30%         8
 Lehudib's Crystal Spear  Conj/Erth      49%        10d12     30%         8
 Maxwell's Capacitive Co  Air            49%        ∞         30%         8
 Polar Vortex             Ice            49%        N/A       99%         9


Dungeon Overview and Level Annotations

Branches:
Dungeon (15/15)            Temple (1/1) D:4            Lair (5/5) D:9
  Swamp (4/4) Lair:2       Spider (4/4) Lair:2        Slime (5/5) Lair:4
    Orc (2/2) D:12            Elf (3/3) Orc:2        Vaults (5/5) D:13
  Crypt (0/3) Vaults:2     Depths (4/4) D:15            Zot (5/5) Depths:4
Gauntlet (visited)

Altars:
Ashenzari
Cheibriados
Dithmenos
Elyvilon
Fedhas
Gozag
Hepliaklqana
Kikubaaqudgha
Makhleb
Nemelex Xobeh
Okawaru
Qazlal
Ru
Sif Muna
Trog
Uskayaw
Vehumet
Wu Jian
Xom
Yredelemnul
Zin
The Shining One
Jiyva

Shops:
D:15 (   Orc:2 =(:(   Elf:3 (*   Vaults:1 *(([   Vaults:5 !

Portals:
Hell: Depths:1 Depths:2 Depths:3 Depths:4
Abyss: Depths:2 Depths:3
Pandemonium: Depths:2
Ziggurat: Depths:1


Innate Abilities, Weirdness & Mutations

You have very sharp teeth.
Your uncanny sense of smell can sniff out nearby items.
Your experience applies equally to all skills.
You are partially covered in iridescent scales. (AC +2)
You possess an exceptional clarity of mind.
Your flesh is cold resistant. (rC+)
You are strong-willed. (Will+)
You are somewhat resistant to further mutation.
Your system is resistant to poisons. (rPois)
You occasionally shout uncontrollably at your foes.
You are weak. (Str -2)


Message History

The Orb disrupts the stability of your passage!
Your eldritch tentacle slaps Xarch but does no damage.
Your eldritch tentacle claws Xarch but does no damage.
Your eldritch tentacle slaps Xarch but does no damage.
Your eldritch tentacle claws Xarch!
Xarch appears confused.
The balrug gestures at you. The bolt of fire misses you.
Your eldritch tentacle slaps Xarch!
Your eldritch tentacle freezes Xarch!!!
Your eldritch tentacle claws Xarch!!
Your eldritch tentacle slaps Xarch.
Your eldritch tentacle shocks Xarch.
Xarch completely resists.
Your eldritch tentacle claws Xarch!
Xarch's magic leaks into the air.
You enter the passage of Golubria.
Your eldritch tentacle slaps Xarch!
Xarch's magic leaks into the air.
Your eldritch tentacle claws Xarch!
Xarch seems to speed up.
Xarch hits your eldritch tentacle.
Your eldritch tentacle slaps Xarch but does no damage.
Your eldritch tentacle claws Xarch!
Your eldritch tentacle freezes Xarch!!
There is a passage of Golubria here.
Xarch hits your eldritch tentacle. The balrug gestures at you.
The bolt of fire misses you.
Your eldritch tentacle slaps Xarch.
Your eldritch tentacle freezes Xarch!!!
Xarch dies!
Cheibriados thoroughly appreciates the change of pace.
The balrug gestures at you. Something smites you! The balrug gestures at you.
Something smites you!
Your Invocations skill increases to level 21!
Your eldritch tentacle barely misses the balrug.
Your eldritch tentacle claws the balrug!
The balrug is engulfed in flames.
The balrug completely resists.
The balrug enters the passage of Golubria.
The Tzitzimitl calls on the powers of darkness!
Your body is wracked with pain!
There is a staircase leading out of the dungeon here.
Your eldritch tentacle slaps the Tzitzimitl!!
Your eldritch tentacle freezes the Tzitzimitl!
The Tzitzimitl resists.
Your eldritch tentacle closely misses the Tzitzimitl.
You have escaped!

...##.#########.#
#...#.##.#†#
..............).#
###.#.##.#.#
#+#######..###### #.#....#.#
#.#........#8.8## #.######.#
..#.###.##......#####.# #.#
..'...#..#......##....# #.#
..#...#..#...8..##.#### #.#
..###.#.........8#...# #.#
..#.........2...@###.# #.#
###.####^.......8#
#.#######.#
#............8..##
#.#.......#
#....#..*.......#
#.#.###.###
#....#./........# #.#.#...#
......<..w1#8.8#####.#.#.###
###..##>...#######...#.#.#
.........#.......#.###.#.#
.#..#................#.#.#


You could see a Tzitzimitl (distracted, ally target), a balrug and a friendly
eldritch tentacle.

Vanquished Creatures
  the Royal Jelly (Slime:5)
  4 orbs of fire
  2 dread liches
  3 ancient liches
  A juggernaut (Depths:3)
  A pandemonium lord (Zot:3)
  Sojobo (Vaults:4)
  Josephina (Depths:4)
  Saint Roka (Depths:2)
  2 Killer Klowns (Zot:5)
  The ghost of opiumtea the Warrior, a veteran DjCj of Ashenzari (Vaults:4)
  A curse toe (Zot:5)
  7 golden dragons
  Arachne (Spider:4)
  2 bone dragons
  A Brimstone Fiend (Depths:1)
  5 electric golems
  Rupert (D:13)
  18 tentacled monstrosities
  21 Orb Guardians
  Mlioglotl (Spider:2)
  3 liches
  9 quicksilver dragons
  2 titans
  A walking frostbound tome (Depths:3)
  A sphinx (shapeshifter) (Depths:2)
  11 acid blobs
  3 deep elf blademasters
  The ghost of duchin the Marksmerfolk, an adept MfHu of the Shining One (Depths:1)
  7 shadow dragons
  2 sphinxes
  13 death cobs
  Kirke (Lair:3)
  2 draconian monks (Zot:1)
  7 tengu reavers
  11 storm dragons
  11 frost giants
  5 rockslimes
  7 fire giants
  3 azure jellies (Slime:5)
  4 draconian knights
  A fenstrider witch (Swamp:4)
  3 orc warlords
  4 iron dragons
  4 ghost moths
  5 emperor scorpions
  2 deep elf sorcerers
  The ghost of P0WERM0DE the Warrior, a journeyman OgGl of Okawaru (Lair:3)
  2 draconian scorchers
  7 vault wardens
  A draconian shifter (Zot:3)
  The ghost of GeoRichter the Warrior, an adept VSBr of Okawaru (Elf:2)
  2 deep elf elementalists (Elf:3)
  A balrug (Depths:1)
  2 broodmothers (Spider:4)
  2 draconian stormcallers (Zot:1)
  15 ironbound preservers
  4 draconian annihilators
  A demonspawn corrupter (D:6)
  2 spriggan defenders (Depths:3)
  9 war gargoyles
  A cacodemon (D:8)
  2 ironbound thunderhulks
  A quicksilver ooze (shapeshifter) (Elf:2)
  A reaper (D:9)
  22 stone giants
  12 quicksilver oozes
  25 very ugly things
  3 eleionomae
  5 green draconians
  9 black draconians
  9 entropy weavers
  12 red draconians
  5 grey draconians (Zot:1)
  2 bunyips (shapeshifter)
  2 vampire knights
  6 deep elf demonologists
  5 spark wasps
  3 deep elf annihilators
  18 purple draconians
  7 bunyips
  2 eleionomae (shapeshifter)
  A minotaur (Gauntlet)
  6 yellow draconians
  A green death (D:15)
  8 dire elephants
  11 white draconians
  11 ettins
  8 deep elf death magi
  4 crystal guardians
  A blizzard demon (Depths:2)
  13 yaktaur captains
  An ettin (shapeshifter) (Depths:3)
  6 fire dragons
  A deep elf high priest (Elf:3)
  4 great orbs of eyes
  An ice dragon (shapeshifter) (Depths:2)
  4 ice dragons
  9 boulder beetles
  A rakshasa (Depths:1)
  20 hydras
  A peacekeeper (Vaults:4)
  6 ogre magi
  28 vault guards
  6 spriggan air magi
  A juggernaut simulacrum (Depths:4)
  8 ironbound frosthearts
  A catoblepas (shapeshifter) (Depths:3)
  6 centaur warriors
  14 two-headed ogres
  An anaconda (shapeshifter) (Elf:2)
  A catoblepas (Lair:5)
  A hell beast (Depths:1)
  4 ghost crabs
  3 alligators
  3 jorogumos (Spider:4)
  3 radroaches
  2 death knights (D:15)
  A death yak (shapeshifter) (Elf:2)
  8 tengu warriors
  2 death yaks (Lair:5)
  11 deep troll earth magi
  39 dancing weapons
  A shock serpent (shapeshifter) (D:15)
  8 deep troll shamans
  3 orc high priests
  A vampire mage (Depths:1)
  A sun demon (D:13)
  6 spriggan berserkers
  15 hell knights
  27 deep elf knights
  A wretched star (Gauntlet)
  4 iron trolls
  A sixfirhy (Zot:3)
  Amaemon (Lair:1)
  2 skeletal warriors (D:15)
  3 pharaoh ants
  A death drake (shapeshifter) (Vaults:5)
  A flayed ghost (Vaults:5)
  A death drake (Swamp:2)
  3 goliath frogs
  3 sun moths (Spider:4)
  2 quicksilver dragon simulacra
  An orb spider (shapeshifter) (Depths:2)
  5 glowing orange brains
  5 orb spiders
  9 steelbarb worms
  10 swamp dragons
  4 spriggan druids
  An orange crystal statue (Elf:2)
  9 bog bodies
  14 deep elf archers
  7 orc knights
  A tengu zombie (Depths:1)
  57 deep trolls
  30 deep elf zephyrmancers
  4 necromancers
  9 ironbound convokers
  A fire giant zombie (Vaults:3)
  5 lindwurms
  7 wizards
  A phantasmal warrior (Vaults:4)
  3 lindwurms (shapeshifter)
  4 obsidian statues (Depths:2)
  2 orc sorcerers
  A sphinx zombie (Depths:1)
  An oklob plant (Gauntlet)
  20 ugly things
  6 shining eyes
  2 stone giant zombies (Depths:1)
  7 will-o-the-wisps
  28 deep elf pyromancers
  22 wolf spiders
  3 manticores
  A shining eye (shapeshifter) (Elf:2)
  4 black mambas
  23 moths of wrath
  9 elephants (Lair:5)
  A fire giant skeleton (Vaults:3)
  A stone giant skeleton (Depths:1)
  16 vault sentinels
  A molten gargoyle (Depths:2)
  4 cyclopes
  An eye of devastation (Slime:5)
  4 orange demons
  A gargoyle (D:10)
  A storm dragon simulacrum (Depths:4)
  6 torpor snails
  2 smoke demons
  2 unseen horrors
  Maggie (D:7)
  12 demonic crawlers
  A komodo dragon (shapeshifter) (D:15)
  An efreet (D:15)
  4 rime drakes
  3 cane toads
  A kobold demonologist (D:13)
  A tormentor (Depths:4)
  35 yaktaurs
  9 komodo dragons
  A freezing wraith (D:15)
  4 tengu conjurers
  A golden dragon simulacrum (Vaults:3)
  2 yaktaurs (shapeshifter)
  A hellwing (D:1)
  5 trolls
  A bloated husk (Swamp:3)
  20 hornets
  3 meliai (D:14)
  A queen bee (shapeshifter) (Elf:2)
  25 tarantellas
  A meliai (shapeshifter) (D:13)
  A red devil (Gauntlet)
  Grinder (D:5)
  A wind drake (Depths:2)
  A sphinx simulacrum (Depths:4)
  5 nameless horrors
  A wind drake (shapeshifter) (Vaults:5)
  7 tyrant leeches
  A hornet (shapeshifter) (Depths:2)
  72 slime creatures
  32 blink frogs
  A snapping turtle (shapeshifter) (Elf:2)
  A raiju (shapeshifter) (Elf:2)
  A dream sheep (shapeshifter) (Vaults:4)
  3 polar bears
  5 dream sheep
  An elf skeleton (Vaults:3)
  10 water elementals
  A spriggan (shapeshifter) (Vaults:5)
  12 spriggans
  7 air elementals
  20 jumping spiders
  4 wyverns
  7 fire elementals
  A shadow (D:12)
  42 yaks
  12 basilisks
  27 culicivoras
  5 wraiths
  A human (Lair:3)
  A fire bat (shapeshifter) (Depths:3)
  17 golden eyes
  2 neqoxecs (Gauntlet)
  3 hogs (Lair:3)
  61 redbacks
  11 vampire mosquitoes
  2 steam dragons
  A warg (D:14)
  A swamp worm (shapeshifter) (Elf:2)
  14 swamp worms
  3 acid dragons
  A glowing shapeshifter zombie (Vaults:2)
  15 water moccasins
  3 floating eyes
  26 orc warriors
  7 swamp drakes
  3 ice beasts
  3 sky beasts
  5 black bears
  22 wolves
  23 ogres
  3 boggarts (Vaults:3)
  3 centaurs
  5 kobold brigands
  10 bullfrogs
  2 necrophages
  9 earth elementals
  3 scorpions
  2 gnoll sergeants (D:10)
  7 wights
  A small abomination (Gauntlet)
  An elephant simulacrum (Lair:3)
  5 killer bees
  2 rime drake simulacra (Lair:3)
  4 howler monkeys
  5 electric eels
  3 crimson imps (Gauntlet)
  A komodo dragon simulacrum (Lair:3)
  6 hounds
  2 jellies
  13 orc priests
  Terence (D:2)
  A gnoll bouda (D:10)
  2 iguanas
  22 orc wizards
  20 gnolls
  5 adders
  A shadow imp (D:5)
  3 white imps
  2 worms (D:2)
  4 dart slugs
  97 orcs
  5 bats
  8 endoplasms
  3 giant cockroaches
  3 goblins
  7 hobgoblins
  7 jackals
  21 kobolds
  A quokka (D:3)
  4 ball pythons
  2 frilled lizards (D:1)
  7 rats
  3 ball lightnings (Depths:2)
  2 fulminant prisms (Slime:2)
2061 creatures vanquished.

Vanquished Creatures (collateral kills)
  An ancient lich (Zot:1)
  2 orbs of fire (Zot:2)
  3 pandemonium lords
  the Lernaean hydra (Swamp:4)
  A profane servitor (Depths:1)
  4 golden dragons
  2 tentacled monstrosities (Zot:5)
  4 Orb Guardians
  2 liches
  A titan (Depths:2)
  2 deep elf master archers (Elf:3)
  A death cob (Zot:1)
  An eldritch tentacle (Zot:5)
  Donald (Vaults:3)
  A shadow dragon (Zot:5)
  5 storm dragons
  2 tengu reavers (Depths:3)
  A draconian monk (Zot:5)
  A fire giant (Depths:3)
  4 deep elf sorcerers (Elf:3)
  A frost giant (Depths:3)
  A draconian scorcher (Zot:5)
  3 ghost moths
  Aizul (Elf:1)
  A balrug (Zot:3)
  2 deep elf elementalists (Elf:3)
  A draconian shifter (Zot:2)
  A vault warden (Vaults:4)
  A draconian stormcaller (Zot:2)
  An iron dragon (Zot:5)
  2 draconian annihilators (Zot:5)
  An ironbound preserver (Vaults:4)
  2 war gargoyles
  A reaper (Depths:1)
  3 ironbound thunderhulks
  5 very ugly things
  A stone giant (Depths:1)
  A green draconian (Zot:1)
  A dire elephant (shapeshifter) (Depths:2)
  A red draconian (Zot:5)
  3 white draconians
  3 black draconians (Zot:5)
  2 yellow draconians
  An entropy weaver (Spider:3)
  A deep elf annihilator (Elf:3)
  A deep elf demonologist (Elf:3)
  A dire elephant (Lair:5)
  A spark wasp (shapeshifter) (Elf:2)
  A green death (D:8)
  2 deep elf death magi (Elf:3)
  A yaktaur captain (Vaults:4)
  2 ice dragons
  3 great orbs of eyes
  2 peacekeepers
  A vault guard (Vaults:3)
  A boulder beetle (Spider:3)
  A radroach (Spider:3)
  A jorogumo (Spider:1)
  A hydra (D:13)
  An ironbound frostheart (Vaults:4)
  10 dancing weapons
  2 death yaks (Lair:5)
  A deep troll shaman (Depths:1)
  7 two-headed ogres (Orc:2)
  2 deep troll earth magi
  5 deep elf knights
  An orc high priest (Vaults:4)
  2 hell knights (Depths:3)
  A glowing orange brain (Depths:2)
  3 ironbound convokers
  2 deep elf archers (Elf:3)
  An orb spider (Spider:3)
  9 deep trolls
  A harpy (shapeshifter) (Depths:2)
  A bog body (Swamp:4)
  3 necromancers
  A lindwurm (Vaults:1)
  15 deep elf zephyrmancers
  4 wizards
  A wolf spider (Spider:3)
  6 deep elf pyromancers
  An orc knight (Vaults:4)
  An orc sorcerer (Depths:2)
  2 shining eyes (Slime:5)
  8 ugly things
  A slime creature (Vaults:1)
  A fire giant skeleton (Vaults:2)
  6 moths of wrath
  2 vault sentinels
  A smoke demon (D:7)
  A naga mage (Vaults:2)
  A yaktaur zombie (Vaults:2)
  An orange demon (D:8)
  A demonic crawler (Spider:3)
  2 rime drakes
  7 yaktaurs
  A red devil (D:7)
  A hornet (shapeshifter) (Depths:2)
  A hornet (Depths:3)
  A tarantella (Spider:1)
  2 blink frogs (Lair:5)
  A fire giant simulacrum (Vaults:2)
  An air elemental (Depths:2)
  A culicivora (Spider:3)
  A spriggan (Depths:3)
  An elf zombie (Vaults:2)
  4 fire elementals
  6 redbacks
  A swamp worm (Swamp:3)
  A death yak simulacrum (Lair:3)
  A warg (Depths:2)
  A hydra simulacrum (Lair:3)
  2 orc warriors (Depths:2)
  A black bear (Lair:5)
  11 ogres (Orc:2)
  2 boggarts (Vaults:3)
  A cane toad simulacrum (Lair:3)
  An orc priest (Depths:2)
  2 orcs
260 creatures vanquished.

Vanquished Creatures (others)
  An Orb Guardian (Depths:1)
  18 eldritch tentacles
  A shadow dragon (Zot:1)
  A yellow draconian (Zot:1)
  An eleionoma (Swamp:2)
  A yaktaur captain (Vaults:2)
  A rakshasa (Depths:1)
  An ironbound frostheart (Vaults:2)
  A deep elf knight (Elf:2)
  A deep troll (Vaults:2)
  An ironbound convoker (Vaults:5)
  2 deep elf pyromancers
  A moth of wrath (Elf:2)
  A rime drake (Lair:3)
  A tengu conjurer (Vaults:2)
  2 bloated husks
  A hornet (Swamp:2)
  A dancing weapon (Orc:2)
  A spriggan (Swamp:2)
  A redback (Spider:2)
  A swamp drake (Swamp:4)
  2 orc wizards
  6 ball lightnings (Depths:2)
  14 foxfires
  11 fulminant prisms
  75 fungi
  156 plants
  21 snaplasher vines
  2 starspawn tentacles (Spider:2)
327 creatures vanquished.

Grand Total: 2648 creatures vanquished

Notes
Turn   | Place    | Note
-------+----------+-------------------------------------------
     0 | D:5      | LSt the Gnoll Delver began the quest for the Orb.
     0 | D:5      | Reached XP level 1. HP: 23/23 MP: 1/1
     0 | D:5      | Noticed Grinder
   103 | D:4      | Noticed a howler monkey
   131 | D:4      | Reached XP level 2. HP: 16/29 MP: 2/2
   762 | D:1      | Found a faded altar of an unknown god.
   813 | D:1      | Reached XP level 3. HP: 35/35 MP: 3/3
  1026 | D:1      | Reached skill level 1 in Invocations
  1246 | D:1      | Reached skill level 1 in Short Blades
  1246 | D:1      | Reached skill level 1 in Long Blades
  1246 | D:1      | Reached skill level 1 in Axes
  1246 | D:1      | Reached skill level 1 in Maces & Flails
  1246 | D:1      | Reached skill level 1 in Staves
  1246 | D:1      | Reached skill level 1 in Ranged Weapons
  1246 | D:1      | Reached skill level 1 in Throwing
  1246 | D:1      | Reached skill level 1 in Armour
  1246 | D:1      | Reached skill level 1 in Shields
  1246 | D:1      | Reached skill level 1 in Unarmed Combat
  1246 | D:1      | Reached skill level 1 in Spellcasting
  1246 | D:1      | Reached skill level 1 in Evocations
  1577 | D:2      | Reached XP level 4. HP: 38/41 MP: 5/5
  2088 | D:2      | Reached skill level 1 in Conjurations
  2088 | D:2      | Reached skill level 1 in Hexes
  2088 | D:2      | Reached skill level 1 in Summonings
  2088 | D:2      | Reached skill level 1 in Necromancy
  2088 | D:2      | Reached skill level 1 in Translocations
  2088 | D:2      | Reached skill level 1 in Transmutations
  2088 | D:2      | Reached skill level 1 in Fire Magic
  2088 | D:2      | Reached skill level 1 in Ice Magic
  2088 | D:2      | Reached skill level 1 in Air Magic
  2088 | D:2      | Reached skill level 1 in Earth Magic
  2088 | D:2      | Reached skill level 1 in Poison Magic
  2378 | D:2      | Reached XP level 5. HP: 47/47 MP: 7/7
  2765 | D:2      | Noticed Terence
  2771 | D:2      | Killed Terence
  3063 | D:3      | Reached XP level 6. HP: 53/53 MP: 8/8
  3441 | D:4      | Reached skill level 5 in Polearms
  3441 | D:4      | Reached skill level 2 in Staves
  3441 | D:4      | Reached skill level 5 in Dodging
  3487 | D:4      | Found a staircase to the Ecumenical Temple.
  3495 | Temple   | Entered the Ecumenical Temple
  3735 | Temple   | Became a worshipper of Cheibriados the Contemplative
  4115 | D:4      | Reached XP level 7. HP: 57/59 MP: 10/10
  4282 | D:4      | Found a basalt altar of Yredelemnul.
  4289 | D:4      | Found a glowing silver altar of Zin.
  4668 | D:5      | Reached * piety under Cheibriados
  4775 | D:5      | Killed Grinder
  4776 | D:5      | Reached skill level 10 in Stealth
  5197 | D:5      | Reached skill level 3 in Staves
  5209 | D:5      | Reached XP level 8. HP: 67/67 MP: 12/12
  5643 | D:6      | Reached ** piety under Cheibriados
  6159 | D:6      | Reached skill level 4 in Staves
  6159 | D:6      | Reached XP level 9. HP: 73/73 MP: 13/15
  6749 | D:7      | Noticed Maggie
  6996 | D:7      | Identified the +3 robe of Claustrophobia {rC+}
  7123 | D:7      | Reached skill level 5 in Invocations
  7339 | D:8      | Reached *** piety under Cheibriados
  7529 | D:8      | Reached skill level 5 in Short Blades
  7529 | D:8      | Reached skill level 5 in Long Blades
  7529 | D:8      | Reached skill level 5 in Axes
  7529 | D:8      | Reached skill level 5 in Maces & Flails
  7529 | D:8      | Reached skill level 5 in Staves
  7529 | D:8      | Reached skill level 5 in Ranged Weapons
  7529 | D:8      | Reached skill level 5 in Throwing
  7529 | D:8      | Reached skill level 5 in Armour
  7529 | D:8      | Reached skill level 5 in Shields
  7529 | D:8      | Reached skill level 5 in Unarmed Combat
  7529 | D:8      | Reached skill level 5 in Spellcasting
  7529 | D:8      | Reached skill level 5 in Evocations
  7529 | D:8      | Reached XP level 10. HP: 81/81 MP: 17/17
  7814 | D:8      | Found a burning altar of Makhleb.
  7905 | D:8      | Reached **** piety under Cheibriados
  8381 | D:9      | Noticed a two-headed ogre
  8391 | D:9      | Killed a two-headed ogre
  8469 | D:9      | Found a staircase to the Lair.
  8892 | D:9      | Learned a level 3 spell: Conjure Flame
  8921 | D:9      | Found a glowing golden altar of the Shining One.
  9218 | D:7      | Reached ***** piety under Cheibriados
  9239 | D:7      | Killed Maggie
  9341 | D:10     | Entered Level 10 of the Dungeon
  9365 | D:10     | Reached skill level 6 in Staves
  9445 | D:10     | Reached skill level 5 in Conjurations
  9445 | D:10     | Reached skill level 5 in Hexes
  9445 | D:10     | Reached skill level 5 in Summonings
  9445 | D:10     | Reached skill level 5 in Necromancy
  9445 | D:10     | Reached skill level 5 in Translocations
  9445 | D:10     | Reached skill level 5 in Transmutations
  9445 | D:10     | Reached skill level 5 in Fire Magic
  9445 | D:10     | Reached skill level 5 in Ice Magic
  9445 | D:10     | Reached skill level 5 in Air Magic
  9445 | D:10     | Reached skill level 5 in Earth Magic
  9445 | D:10     | Reached skill level 5 in Poison Magic
  9445 | D:10     | Reached XP level 11. HP: 89/89 MP: 20/20
 10015 | D:10     | Noticed an ogre mage
 10185 | D:10     | Killed an ogre mage
 10298 | D:10     | Identified the +10 dagger of the New World {drain, +Blink
                  | rF+++ rC+ rN+}
 10324 | D:10     | Found a blossoming altar of Fedhas.
 10328 | D:10     | Found a shimmering altar of Xom.
 10332 | D:10     | Found a sacrificial altar of Ru.
 10399 | D:10     | Paralysed by a floating eye for 4 turns
 10420 | D:10     | Noticed a two-headed ogre
 10431 | D:10     | Killed a two-headed ogre
 10626 | D:10     | Found a shimmering blue altar of Sif Muna.
 10889 | Lair:1   | Entered Level 1 of the Lair of Beasts
 10891 | Lair:1   | Noticed Amaemon
 10902 | Lair:1   | Killed Amaemon
 10903 | Lair:1   | Reached skill level 7 in Staves
 11440 | Lair:1   | Reached XP level 12. HP: 97/97 MP: 22/22
 12000 | Lair:2   | Reached skill level 10 in Fighting
 12284 | Lair:2   | Noticed a six-headed hydra
 12291 | Lair:2   | Killed a three-headed hydra
 12339 | Lair:2   | Noticed a five-headed hydra
 12347 | Lair:2   | Killed a three-headed hydra
 12524 | Lair:2   | You fall into a shaft and drop 1 floor!
 12539 | Lair:3   | Noticed Kirke
 12933 | Lair:2   | Reached ****** piety under Cheibriados
 13328 | Lair:2   | Found a hole to the Spider Nest.
 13452 | Lair:2   | Found a staircase to the Swamp.
 13540 | Lair:2   | Reached skill level 8 in Staves
 13866 | Lair:3   | Identified a scroll of acquirement
 13867 | Lair:3   | Acquired the +0 cloak of Too Many Cooks {rF++ SInv}
 13935 | Lair:3   | Reached XP level 13. HP: 94/104 MP: 22/25
 14313 | Lair:3   | Noticed an ice dragon
 14328 | Lair:3   | Noticed P0WERM0DE's ghost (journeyman OgGl)
 14365 | Lair:3   | Noticed a sphinx
 14548 | Lair:3   | Found a runed translucent gate.
 14548 | Lair:3   | Found a runed translucent gate.
 14548 | Lair:3   | Found a runed translucent gate.
 14620 | Lair:3   | Killed Kirke
 15194 | Lair:4   | Found a viscous altar of Jiyva.
 15194 | Lair:4   | Found a staircase to the Slime Pits.
 15679 | Lair:5   | Entered Level 5 of the Lair of Beasts
 15756 | Lair:5   | Learned a level 5 spell: Summon Mana Viper
 15776 | Lair:5   | Reached skill level 10 in Polearms
 15776 | Lair:5   | Reached skill level 10 in Dodging
 16036 | Lair:5   | Reached skill level 9 in Staves
 16136 | Lair:5   | Learned a level 3 spell: Tukima's Dance
 16294 | Lair:5   | Found a radiant altar of Vehumet.
 16317 | Lair:5   | Reached skill level 10 in Invocations
 16317 | Lair:5   | Reached XP level 14. HP: 105/113 MP: 21/27
 16478 | Lair:5   | Learned a level 3 spell: Teleport Other
 16726 | Lair:5   | Learned a level 5 spell: Summon Forest
 17035 | Lair:5   | Noticed a dire elephant
 17046 | Lair:5   | Killed a dire elephant
 17225 | Lair:5   | Found the +6 arbalest "Damnation" {damnation}
 18506 | D:12     | Found a staircase to the Orcish Mines.
 18540 | D:12     | You fall into a shaft and drop 3 floors!
 18540 | D:15     | Entered Level 15 of the Dungeon
 18712 | D:12     | Found a gate leading to a gauntlet.
 18723 | Gauntlet | Entered a Gauntlet
 18723 | Gauntlet | Found a transporter.
 18723 | Gauntlet | Found a transporter.
 18727 | Gauntlet | Found a transporter.
 18727 | Gauntlet | Found a transporter.
 18730 | Gauntlet | Found a transporter.
 18732 | Gauntlet | Found a large runed translucent door.
 18732 | Gauntlet | Found a large runed translucent door.
 18733 | Gauntlet | Found a large runed translucent door.
 18733 | Gauntlet | Found a large runed translucent door.
 18734 | Gauntlet | Found a large runed translucent door.
 18734 | Gauntlet | Found a large runed translucent door.
 18734 | Gauntlet | Found a runed translucent door.
 18734 | Gauntlet | Found a runed translucent door.
 18765 | Gauntlet | Found a large runed translucent door.
 18765 | Gauntlet | Found a large runed translucent door.
 18766 | Gauntlet | Found a large runed translucent door.
 18766 | Gauntlet | Found a large runed translucent door.
 18767 | Gauntlet | Found a runed translucent gate.
 18768 | Gauntlet | Found a runed translucent gate.
 18769 | Gauntlet | Found a runed translucent gate.
 18770 | Gauntlet | Found a transporter.
 18773 | Gauntlet | Found a transporter.
 18773 | Gauntlet | Found a transporter.
 18789 | Gauntlet | Found a transporter.
 18804 | Gauntlet | Found a transporter.
 18826 | Gauntlet | Found a runed translucent door.
 18828 | Gauntlet | Found a transporter.
 18830 | Gauntlet | Found a runed translucent door.
 18832 | Gauntlet | Found a transporter.
 18861 | Gauntlet | Found a large runed translucent door.
 18862 | Gauntlet | Found a large runed translucent door.
 18862 | Gauntlet | Found a large runed translucent door.
 18863 | Gauntlet | Found a large runed translucent door.
 18863 | Gauntlet | Found a large runed translucent door.
 18863 | Gauntlet | Found a large runed translucent door.
 18869 | Gauntlet | Found a transporter.
 18882 | Gauntlet | Found a transporter.
 19080 | Gauntlet | Identified the ring of Virtue {EV+4 Str+6 Dex+3}
 19142 | Gauntlet | Identified the amulet "Wikly" {Faith Rampage rF+ rCorr}
 19464 | D:12     | Reached skill level 10 in Short Blades
 19464 | D:12     | Reached skill level 10 in Long Blades
 19464 | D:12     | Reached skill level 10 in Axes
 19464 | D:12     | Reached skill level 10 in Maces & Flails
 19464 | D:12     | Reached skill level 10 in Staves
 19464 | D:12     | Reached skill level 10 in Ranged Weapons
 19464 | D:12     | Reached skill level 10 in Throwing
 19464 | D:12     | Reached skill level 10 in Armour
 19464 | D:12     | Reached skill level 10 in Shields
 19464 | D:12     | Reached skill level 10 in Unarmed Combat
 19464 | D:12     | Reached skill level 10 in Spellcasting
 19464 | D:12     | Reached skill level 10 in Evocations
 20079 | D:13     | Reached XP level 15. HP: 102/120 MP: 29/29
 20537 | D:13     | Noticed Rupert
 20657 | D:13     | Found a gate to the Vaults.
 21631 | D:15     | Found Xiamep's Weapon Emporium.
 21692 | D:15     | Found a staircase to the Depths.
 22234 | D:15     | Found a hazy altar of Hepliaklqana.
 22466 | Orc:1    | Entered Level 1 of the Orcish Mines
 22559 | Orc:2    | Entered Level 2 of the Orcish Mines
 22559 | Orc:2    | Found a staircase to the Elven Halls.
 22759 | Orc:2    | Reached XP level 16. HP: 129/129 MP: 19/30
 22763 | Orc:2    | Reached skill level 11 in Staves
 22858 | Orc:2    | Found Nual's Book Emporium.
 22858 | Orc:2    | Found Kudal's Jewellery Boutique.
 22859 | Orc:2    | Found Pogut's Weapon Shop.
 22859 | Orc:2    | Found Xyesu's Weapon Emporium.
 22910 | Orc:2    | Found a runed translucent door.
 24017 | Swamp:1  | Entered Level 1 of the Swamp
 24101 | Swamp:1  | Learned a level 4 spell: Anguish
 24905 | Swamp:2  | Got Vimoy's Guide on Blight and Direction
 26056 | Spider:1 | Entered Level 1 of the Spider Nest
 26097 | Spider:1 | Reached XP level 17. HP: 88/137 MP: 28/32
 26290 | Spider:1 | Reached skill level 10 in Conjurations
 26290 | Spider:1 | Reached skill level 10 in Hexes
 26290 | Spider:1 | Reached skill level 10 in Summonings
 26290 | Spider:1 | Reached skill level 10 in Necromancy
 26290 | Spider:1 | Reached skill level 10 in Translocations
 26290 | Spider:1 | Reached skill level 10 in Transmutations
 26290 | Spider:1 | Reached skill level 10 in Fire Magic
 26290 | Spider:1 | Reached skill level 10 in Ice Magic
 26290 | Spider:1 | Reached skill level 10 in Air Magic
 26290 | Spider:1 | Reached skill level 10 in Earth Magic
 26290 | Spider:1 | Reached skill level 10 in Poison Magic
 26463 | Spider:1 | Reached skill level 15 in Stealth
 26558 | Spider:1 | Reached skill level 12 in Staves
 27845 | Spider:1 | Learned a level 3 spell: Mephitic Cloud
 28383 | Spider:2 | Noticed Mlioglotl
 28400 | Spider:2 | Noticed a tentacled starspawn
 28403 | Spider:2 | Noticed a tentacled starspawn
 28403 | Spider:2 | Noticed a lich
 28403 | Spider:2 | Killed Mlioglotl
 29675 | Spider:2 | Learned a level 5 spell: Irradiate
 29923 | Spider:3 | Reached XP level 18. HP: 101/145 MP: 22/34
 30356 | Spider:4 | Entered Level 4 of the Spider Nest
 30510 | Spider:4 | Noticed Arachne
 30527 | Spider:4 | Killed Arachne
 31331 | Spider:4 | Got a gossamer rune of Zot
 31821 | Swamp:4  | Entered Level 4 of the Swamp
 31862 | Swamp:4  | Reached skill level 13 in Staves
 31904 | Swamp:4  | Noticed the 27-headed Lernaean hydra
 31911 | Swamp:4  | Killed the 24-headed Lernaean hydra
 31963 | Swamp:4  | Got a decaying rune of Zot
 32241 | Swamp:4  | Reached XP level 19. HP: 153/153 MP: 36/36
 32355 | Swamp:4  | Upgraded the game from 0.29.1-14-g9c671dbff4 to
                  | 0.29.1-15-g9cfb28693d
 32796 | Orc:2    | Bought an amulet of reflection for 420 gold pieces
 32812 | Orc:2    | Bought the +4 war axe of Fundamental Breach {freeze, Will+
                  | SInv} for 517 gold pieces
 32892 | Vaults:1 | Entered Level 1 of the Vaults
 33087 | Vaults:1 | Found Deef's Armour Emporium.
 33136 | Vaults:1 | Identified the +1 ring mail "Ireyxto" {rC+}
 33139 | Vaults:1 | Found Cangohou's Antique Weapon Shop.
 33281 | Vaults:1 | Identified the +5 barding "Neut Ocw" {Dex+4}
 33350 | Vaults:1 | Found Geneirha's Assorted Antiques.
 34235 | Vaults:1 | Found Legygepe's Antique Weapon Emporium.
 34575 | Vaults:2 | Reached skill level 15 in Fighting
 34864 | Vaults:2 | Found a radiant altar of Vehumet.
 35148 | Vaults:2 | Reached skill level 15 in Invocations
 35523 | Vaults:2 | Reached XP level 20. HP: 105/162 MP: 34/37
 35917 | Vaults:2 | Found a staircase to the Crypt.
 35917 | Vaults:2 | Found an ancient bone altar of Kikubaaqudgha.
 35917 | Vaults:2 | Found a basalt altar of Yredelemnul.
 36213 | Vaults:3 | Reached skill level 14 in Staves
 36450 | Vaults:3 | Noticed Donald
 36471 | Vaults:3 | Killed Donald
 37331 | Vaults:4 | Got the Grimoire of Wanderlust and the Mortuary
 37495 | Vaults:4 | Reached skill level 15 in Polearms
 37495 | Vaults:4 | Reached skill level 15 in Dodging
 37614 | Vaults:4 | Learned a level 6 spell: Summon Cactus Giant
 38352 | Vaults:4 | Found a runed translucent gate.
 38352 | Vaults:4 | Found a runed translucent gate.
 38353 | Vaults:4 | Found a runed translucent gate.
 38357 | Vaults:4 | Noticed opiumtea's ghost (veteran DjCj)
 39001 | Vaults:4 | Reached XP level 21. HP: 170/170 MP: 32/39
 39608 | Vaults:4 | Identified the +5 shortbow "Xajofoon" {venom, Dex+3}
 39677 | Vaults:4 | Killed opiumtea's ghost
 40070 | D:13     | Killed Rupert
 40305 | Lair:3   | Killed P0WERM0DE's ghost
 40319 | Lair:3   | Identified the +3 sling "Kotriqer" {venom, Dex+5}
 40495 | Elf:1    | Entered Level 1 of the Elven Halls
 40718 | Elf:1    | Noticed Aizul
 40726 | Elf:1    | Killed Aizul
 40926 | Elf:1    | Got Qautz's Excursus on Unified Conflict
 41140 | Elf:1    | Learned a level 6 spell: Eringya's Noxious Bog
 41659 | Elf:2    | Reached skill level 15 in Short Blades
 41659 | Elf:2    | Reached skill level 15 in Long Blades
 41659 | Elf:2    | Reached skill level 15 in Axes
 41659 | Elf:2    | Reached skill level 15 in Maces & Flails
 41659 | Elf:2    | Reached skill level 15 in Staves
 41659 | Elf:2    | Reached skill level 15 in Ranged Weapons
 41659 | Elf:2    | Reached skill level 15 in Throwing
 41659 | Elf:2    | Reached skill level 15 in Armour
 41659 | Elf:2    | Reached skill level 15 in Shields
 41659 | Elf:2    | Reached skill level 15 in Unarmed Combat
 41659 | Elf:2    | Reached skill level 15 in Spellcasting
 41659 | Elf:2    | Reached skill level 15 in Evocations
 41868 | Elf:2    | Found a huge runed translucent gate.
 41868 | Elf:2    | Found a huge runed translucent gate.
 41868 | Elf:2    | Found a huge runed translucent gate.
 41868 | Elf:2    | Found a huge runed translucent gate.
 41869 | Elf:2    | Found a huge runed translucent gate.
 42064 | Elf:2    | Found a transporter.
 42066 | Elf:2    | Noticed GeoRichter's ghost (adept VSBr)
 42080 | Elf:2    | Found a transporter.
 43108 | Elf:2    | Reached XP level 22. HP: 179/179 MP: 41/41
 43279 | Elf:2    | Killed GeoRichter's ghost
 43350 | Elf:2    | Identified the +4 hat of Tortured the Good {Fly Will+ Int+3
                  | Stlth+}
 43372 | Elf:2    | Identified the +1 scale mail of Rotation {+Blink rPois rC+
                  | Dex-2}
 43411 | Elf:3    | Entered Level 3 of the Elven Halls
 43573 | Elf:3    | Found Ynimnay's Weapon Boutique.
 43740 | Elf:3    | Found Wugir's General Store.
 43799 | Elf:3    | Identified the +1 robe of the Gardener {rF+ rC+ Dex+3 SInv}
 43886 | Elf:2    | Found a shimmering blue altar of Sif Muna.
 44058 | Elf:3    | Paralysed by an air elemental for 1 turns
 44186 | Elf:3    | Learned a level 4 spell: Passage of Golubria
 44199 | Elf:3    | Identified the +9 war axe of the Seven Visionaries {flame,
                  | Int+2 Dex+4}
 44199 | Elf:3    | Identified the ring "Gacuack" {rN+ Int+4 Dex-3}
 44277 | Elf:3    | Identified the +4 halberd of the Mauling Viper {drain,
                  | rElec rF+ Dex+4}
 44279 | Elf:3    | Identified the +7 quick blade of Qazlal's Fury {freeze,
                  | Will+ rCorr SInv}
 44438 | Elf:3    | Identified the +8 dagger "Qezurumiwk" {antimagic, rElec
                  | Int+6}
 44438 | Elf:3    | Identified the ring "Vuor" {Ice *Corrode rN++ Int+2}
 44794 | Elf:3    | Identified the +5 spear "Moafie" {venom, +Blink Str+4}
 44794 | Elf:3    | Identified the ring "Biow" {rF- Will+ MP+9 Int+4 Dex+2}
 44903 | Elf:3    | Identified the ring of the Ancient Seas {Wiz rN+ Will++
                  | Str-3 Int+2}
 46198 | Depths:1 | Entered Level 1 of the Depths
 46490 | Depths:1 | Found a gateway to Hell.
 46642 | Depths:1 | Found a one-way gateway to a ziggurat.
 46683 | Depths:1 | Reached skill level 16 in Staves
 46740 | Depths:1 | Found a runed translucent door.
 46742 | Depths:1 | Noticed duchin's ghost (adept MfHu)
 46765 | Depths:1 | Killed duchin's ghost
 46771 | Depths:1 | Identified the +10 short sword of the Fray {venom, Str+4}
 46998 | Depths:1 | Reached XP level 23. HP: 144/187 MP: 39/42
 47139 | Depths:1 | Found a shadowy altar of Dithmenos.
 47520 | Depths:2 | Paralysed by an air elemental for 1 turns
 47544 | Depths:2 | Paralysed by an air elemental for 1 turns
 47635 | Depths:2 | Noticed Saint Roka
 47650 | Depths:2 | Killed Saint Roka
 47740 | Depths:2 | Paralysed by an air elemental for 1 turns
 48770 | Depths:2 | Identified the +4 mace "Hitrur" {pain, rPois rF++ rC-
                  | rCorr}
 48770 | Depths:2 | Identified the +4 morningstar of Rugicio {freeze, rCorr
                  | SInv}
 48813 | Depths:2 | Found the +3 Mad Mage's Maulers {Infuse+∞ RegenMP Int-3}
 48819 | Depths:2 | Identified the ring "Tanu" {AC+4 Int+5 Slay+5 Stlth-}
 49155 | Depths:2 | Found a one-way gate to the infinite horrors of the Abyss.
 49169 | Depths:2 | Found a one-way gate leading to the halls of Pandemonium.
 49452 | Depths:2 | Paralysed by an air elemental for 1 turns
 50015 | Depths:3 | Paralysed by a floating eye for 3 turns
 50020 | Depths:3 | Paralysed by a floating eye for 4 turns
 50028 | Depths:3 | Paralysed by a floating eye for 3 turns
 50051 | Depths:3 | Reached skill level 17 in Staves
 50296 | Depths:3 | Noticed a golden dragon
 50304 | Depths:3 | Killed a golden dragon
 50305 | Depths:3 | Noticed a juggernaut
 50323 | Depths:3 | Killed a juggernaut
 50340 | Depths:3 | Identified the +4 falchion "Lubleytuz" {spect, rElec Dex+2}
 50810 | Depths:3 | Reached XP level 24. HP: 197/197 MP: 43/43
 51422 | Depths:3 | Identified the +8 dagger of Edeythrell {vorpal, Int+3}
 51684 | Depths:4 | Entered Level 4 of the Depths
 51684 | Depths:4 | Identified the ring "Nym Pov" {Ice rElec rCorr Int-3
                  | Stlth+}
 51684 | Depths:4 | Noticed Josephina
 51695 | Depths:4 | Killed Josephina
 51804 | Depths:4 | Found a flickering gateway to a bazaar.
 51818 | Bazaar   | Entered a bazaar
 51852 | Bazaar   | Found Maonk's Antique Weapon Shop.
 51867 | Bazaar   | Found Vaykh's Antique Armour Boutique.
 51875 | Bazaar   | Found Qycliyth's General Store.
 51879 | Bazaar   | Found Runge's Armour Emporium.
 51909 | Bazaar   | Bought a potion of cancellation for 64 gold pieces
 51909 | Bazaar   | Bought 3 boomerangs of dispersal for 36 gold pieces
 51972 | Depths:4 | Reached skill level 18 in Staves
 53551 | Depths:4 | Found a gate to the Realm of Zot.
 54076 | Vaults:5 | Entered Level 5 of the Vaults
 54119 | Vaults:5 | Noticed an ancient lich
 54252 | Vaults:4 | Killed an ancient lich
 54395 | Vaults:4 | Reached XP level 25. HP: 204/204 MP: 44/44
 54413 | Vaults:5 | Identified the +5 dagger "Gukoned" {speed, rElec}
 54776 | Vaults:5 | Identified the +3 great mace of the Holding Gods {flame,
                  | *Rage rC++}
 55225 | Vaults:5 | Noticed Sojobo
 55242 | Vaults:4 | Paralysed by an air elemental for 1 turns
 55247 | Vaults:4 | Paralysed by an air elemental for 1 turns
 55251 | Vaults:4 | Killed Sojobo
 55524 | Vaults:5 | Identified the +6 battleaxe of Contention {freeze, rElec
                  | Int+4}
 55529 | Vaults:5 | Reached skill level 19 in Staves
 56119 | Vaults:5 | Found Gialok's Distillery.
 56120 | Vaults:5 | Found the +3 robe of Clouds {*Thunder rCloud rElec}
 56134 | Vaults:5 | Identified the +8 war axe of Meqis {freeze, rElec}
 56481 | Vaults:5 | Got a silver rune of Zot
 56616 | Vaults:5 | Reached skill level 15 in Conjurations
 56616 | Vaults:5 | Reached skill level 15 in Hexes
 56616 | Vaults:5 | Reached skill level 15 in Summonings
 56616 | Vaults:5 | Reached skill level 15 in Necromancy
 56616 | Vaults:5 | Reached skill level 15 in Translocations
 56616 | Vaults:5 | Reached skill level 15 in Transmutations
 56616 | Vaults:5 | Reached skill level 15 in Fire Magic
 56616 | Vaults:5 | Reached skill level 15 in Ice Magic
 56616 | Vaults:5 | Reached skill level 15 in Air Magic
 56616 | Vaults:5 | Reached skill level 15 in Earth Magic
 56616 | Vaults:5 | Reached skill level 15 in Poison Magic
 57003 | Vaults:5 | Learned a level 4 spell: Fulminant Prism
 57263 | Orc:2    | Bought the ring "Jealec" {Drain rCorr Str+3 Slay+6 SInv}
                  | for 799 gold pieces
 57481 | Slime:1  | Entered Level 1 of the Pits of Slime
 57602 | Slime:2  | Gained mutation: Your spells are a little easier to cast,
                  | but a little less powerful. [a shining eye]
 57885 | Slime:5  | Entered Level 5 of the Pits of Slime
 57975 | Slime:5  | Noticed the Royal Jelly
 58119 | Slime:5  | Found a viscous altar of Jiyva.
 58413 | Slime:5  | Killed the Royal Jelly
 58438 | Slime:5  | Got a slimy rune of Zot
 58530 | Slime:5  | Identified the +2 robe "Etomeok" {rN++ Dex+4}
 58533 | Slime:5  | Identified the +1 pair of boots of Fedhas's Envy {Dex+3}
 58546 | Slime:5  | Identified the +3 trident "Iraonog" {flame, *Slow rF+
                  | Str+2}
 58564 | Slime:5  | Identified the ring of Kindness {Drain rN+ Str+4 Int+6}
 58588 | Slime:5  | Got Vomeets's Discourse on Calescent Enchantment
 58600 | Slime:5  | Identified the +10 flail "Goblinslayer" {vorpal, Str+4}
 58613 | Slime:5  | Identified the +5 short sword of Prudence {flame, Str+2
                  | Dex+3}
 58676 | Slime:5  | Identified the +5 short sword of Wyrd {vamp, Dex+6}
 59370 | Vaults:5 | Bought a potion of cancellation for 136 gold pieces
 59370 | Vaults:5 | Bought a potion of magic for 136 gold pieces
 59370 | Vaults:5 | Bought a potion of mutation for 136 gold pieces
 59370 | Vaults:5 | Bought a potion of might for 68 gold pieces
 59370 | Vaults:5 | Bought a potion of might for 68 gold pieces
 59380 | Vaults:5 | Learned a level 7 spell: Malign Gateway
 61754 | Zot:1    | Entered Level 1 of the Realm of Zot
 62133 | Zot:1    | Reached XP level 26. HP: 176/197 MP: 42/44
 62297 | Zot:1    | Noticed an ancient lich
 62311 | Zot:1    | Killed an ancient lich
 62530 | Zot:1    | Reached skill level 20 in Staves
 64750 | Zot:2    | Found a transporter.
 64753 | Zot:2    | Noticed an orb of fire
 64766 | Zot:2    | Noticed an orb of fire
 64767 | Zot:2    | Noticed an orb of fire
 64779 | Zot:2    | Gained mutation: You have hidden genetic defects. [an orb
                  | of fire]
 64782 | Zot:2    | Lost mutation: Your spells are a little easier to cast, but
                  | a little less powerful. [an orb of fire]
 64784 | Zot:2    | Killed an orb of fire
 64786 | Zot:2    | Killed an orb of fire
 64788 | Zot:2    | Noticed a dread lich
 64791 | Zot:2    | Gained mutation: You sometimes lose your temper in combat.
                  | [an orb of fire]
 64818 | Zot:2    | Gained mutation: You passively dampen the noise of your
                  | surroundings. [an orb of fire]
 65206 | Zot:2    | Lost mutation: You have hidden genetic defects. [potion of
                  | mutation]
 65206 | Zot:2    | Lost mutation: You passively dampen the noise of your
                  | surroundings. [potion of mutation]
 65206 | Zot:2    | Gained mutation: You are partially covered in iridescent
                  | scales. (AC +2) [potion of mutation]
 65206 | Zot:2    | Gained mutation: You occasionally shout uncontrollably at
                  | your foes. [potion of mutation]
 65249 | Zot:2    | Gained mutation: You are agile. (Dex +4, Str/Int -1) [an
                  | orb of fire]
 65253 | Zot:2    | Killed a dread lich
 65276 | Zot:2    | Gained mutation: You are dopey. (Int -2) [an orb of fire]
 65277 | Zot:2    | Gained mutation: You occasionally lose the ability to drink
                  | potions when taking damage. [an orb of fire]
 65282 | Zot:2    | Killed an orb of fire
 65328 | Zot:2    | Lost mutation: You occasionally lose the ability to drink
                  | potions when taking damage. [potion of mutation]
 65328 | Zot:2    | Lost mutation: You sometimes lose your temper in combat.
                  | [potion of mutation]
 65328 | Zot:2    | Gained mutation: Your flesh is cold resistant. (rC+)
                  | [potion of mutation]
 65328 | Zot:2    | Gained mutation: You have hidden genetic defects. [potion
                  | of mutation]
 65328 | Zot:2    | Gained mutation: You possess an exceptional clarity of
                  | mind. [potion of mutation]
 65329 | Zot:2    | Lost mutation: You have hidden genetic defects. [potion of
                  | mutation]
 65329 | Zot:2    | Lost mutation: You are dopey. (Int -2) [potion of mutation]
 65329 | Zot:2    | Lost mutation: You are agile. (Dex +4, Str/Int -1) [potion
                  | of mutation]
 65329 | Zot:2    | Gained mutation: Your system is resistant to poisons.
                  | (rPois) [potion of mutation]
 65329 | Zot:2    | Gained mutation: You are strong-willed. (Will+) [potion of
                  | mutation]
 65329 | Zot:2    | Gained mutation: You are somewhat resistant to further
                  | mutation. [potion of mutation]
 65660 | Zot:2    | Identified the +0 pair of gloves "Zeosch" {rPois rN+
                  | Regen+}
 65677 | Zot:2    | Found a transporter.
 65683 | Zot:2    | Identified the ring of Guxt {Wiz *Corrode rF+ Str+9 SInv}
 66231 | Zot:1    | Learned a level 7 spell: Monstrous Menagerie
 66527 | Vaults:1 | Learned a level 6 spell: Dispersal
 67023 | Vaults:1 | Bought a scroll of enchant weapon for 307 gold pieces
 68004 | Zot:3    | Reached skill level 21 in Staves
 68015 | Zot:3    | Reached XP level 27. HP: 221/222 MP: 44/45
 68461 | Zot:3    | Acquired the +0 pair of gloves of Vutazxil {rElec Int+2}
 69321 | Zot:4    | Found a glowing silver altar of Zin.
 70355 | Zot:5    | Entered Level 5 of the Realm of Zot
 71053 | Zot:5    | Noticed a dread lich
 71066 | Zot:5    | Killed a dread lich
 71070 | Zot:5    | Noticed an ancient lich
 71086 | Zot:5    | Killed an ancient lich
 71146 | Zot:5    | Noticed an orb of fire
 71151 | Zot:5    | Gained mutation: You are weak. (Str -2) [an orb of fire]
 71166 | Zot:5    | Killed an orb of fire
 71305 | Zot:5    | Noticed an ancient lich
 71482 | Zot:5    | Killed an ancient lich
 71484 | Zot:5    | Noticed an orb of fire
 71499 | Zot:5    | Killed an orb of fire
 71750 | Zot:5    | Reached skill level 22 in Staves
 71779 | Zot:5    | Noticed an orb of fire
 71791 | Zot:5    | Killed an orb of fire
 71802 | Zot:5    | Noticed an orb of fire
 71804 | Zot:5    | Noticed a dread lich
 71806 | Zot:5    | Got the Orb of Zot
 71944 | Zot:3    | Noticed Duenweod the pandemonium lord
 71957 | Zot:3    | Killed Duenweod the pandemonium lord
 72180 | Depths:1 | Noticed Murani the pandemonium lord
 72186 | Depths:1 | Killed Murani the pandemonium lord
 72474 | D:7      | Noticed Iminagozo the pandemonium lord
 72486 | D:7      | Killed Iminagozo the pandemonium lord
 72494 | D:7      | Noticed Beuveh the pandemonium lord
 72675 | D:1      | Noticed Xarch the pandemonium lord
 72690 | D:1      | Killed Xarch the pandemonium lord
 72695 | D:$      | Escaped with the Orb!

Illustrated notes

Levels and vault maps discovered:
D:1:      mrwooster_arrival_statue_2, layout_basic, basic_ecumenical_altar
D:2:      layout_basic, minmay_surrounded, uniq_terence
D:3:      layout_rooms
D:4:      layout_loops_ring, mainiacjoe_overflow_big_doors,
          minmay_temple_entry_statues_pillars, minmay_distorted
D:5:      wad_lake_hut, layout_loops_ring, bh_walls_and_bars, uniq_grinder
D:6:      layout_basic, skrybe_limestone_x, chequers_serial_rivers_small_a
D:7:      layout_gridville, uniq_maggie
D:8:      layout_rooms, serial_bayou, serial_bayou_ford_a, serial_bayou_pond_e,
          serial_bayou_shore_b, serial_bayou_pond_a, david_defended_altar_orc
D:9:      layout_basic, tso_metal_star, due_lair_maze_entry_diamond
D:10:     hellmonk_paralyzer, layout_basic, grunt_temple_overflow_diamond,
          kennysheep_orc_sif_temple, grunt_ministairs_14
D:11:     layout_small_grid, grunt_decor_arrowhead
D:12:     layout_grid_maze, erik_orc_4, gauntlet_entry_generic
D:13:     layout_irregular_city, hangedman_vaults_entry_quadrant_bands,
          portal_ice_cave_entry_pillars_1, uniq_rupert
D:14:     layout_big_octagon, kennysheep_flooded_box, drop_trap,
          serial_bayou_pond_e, elves_outpost_lemuel
D:15:     grunt_enter_depths_hoard, layout_cave_pods, serial_shops,
          nicolae_shop_waterfront, nicolae_hepliaklqana_hippocampus
Temple:   regret_index_temple_generic_petals
Lair:1:   layout_chaotic_city, uniq_amaemon
Lair:2:   cheibrodos_lair_overgrown_chateau, layout_hall_layers,
          minmay_swamp_entry_worms, spider_nest_entry_funnel_web,
          chequers_serial_rivers_micro_c, ldierk_geyser, lemuel_fruit_tree
Lair:3:   layout_loops_ring, gammafunk_ghost_icy,
          chequers_serial_rivers_small_a, uniq_kirke
Lair:4:   layout_roguey, dpeg_slime_entry_corner, kennysheep_basilisk_garden,
          serial_bayou_shore_a
Lair:5:   grunt_lair_end_beastmaster, layout_regular_city, basic_altar,
          serial_bayou_shore_b
Swamp:1:  layout_falls_marsh, nicolae_swamp_dense_foliage,
          infiniplex_staircase_pool_2
Swamp:2:  layout_basic_swamp, evilmike_swamp_ruin_house_4
Swamp:3:  cheibrodos_swamp_heart_of_darkness, layout_basic_swamp,
          evilmike_swamp_ruin_house_6
Swamp:4:  grunt_swamp_rune_castle, layout_basic_swamp, swamp_pool3
Spider:1: nicolae_spider_hilbert_zone_2 [nicolae_spider_hilbert_4_sides_1_open,
          nicolae_spider_hilbert_4_sides_1_open,
          nicolae_spider_hilbert_4_sides_1_open,
          nicolae_spider_hilbert_4_sides_1_open,
          nicolae_spider_hilbert_6_sides_1_open,
          nicolae_spider_hilbert_6_sides_1_open,
          nicolae_spider_hilbert_3_sides_1_open,
          nicolae_spider_hilbert_3_sides_1_open,
          nicolae_spider_hilbert_3_sides_1_open,
          nicolae_spider_hilbert_3_sides_1_open,
          nicolae_spider_hilbert_6_sides_1_open,
          nicolae_spider_hilbert_6_sides_1_open,
          nicolae_spider_hilbert_6_sides_1_open,
          nicolae_spider_hilbert_6_sides_1_open]
Spider:2: layout_chambers, uniq_mlioglotl
Spider:3: layout_spider_delve, drop_trap
Spider:4: grunt_spider_rune_island, drop_trap, uniq_arachne
Slime:1:  layout_caves
Slime:2:  layout_caves
Slime:3:  layout_caves, nicolae_slime_welcoming_committee
Slime:4:  layout_caves
Slime:5
Orc:1:    layout_diamond_mine
Orc:2:    st_orc_ogre_mass, layout_caves, lightli_church_of_beogh
Elf:1:    eino_elf_arrival_sip, layout_geoelf_octagon, minmay_elf_sorcery,
          uniq_aizul
Elf:2:    elven_hall_of_blades_hangedman_alternative
          [nicolae_blade_little_rooms], layout_onion_city,
          gammafunk_ghost_berserking_beasts, minivault_16, lemuel_upstairs_altar
Elf:3:    grunt_elf_hall_asides, layout_geoelf_grid, serial_shops,
          nicolae_diamond_shop, shop, st_stairs_5, grunt_megastairs_2
Vaults:1: nicolae_vaults_puzzle_piece, nicolae_vaults_circle_grid_a,
          v_pattern_4, v_misc_19, v_misc_15, nicolae_vaults_network_s,
          v_misc_13, nicolae_vaults_network_star,
          vaults_standard_mumra_enter_the_diamond, v_alt_pattern_1,
          layout_vaults_omnibox, serial_shops, shop,
          nicolae_shop_overgrown_old_shop, nicolae_shop_crystal,
          nicolae_shop_hallway_stairs
Vaults:2: nicolae_vaults_stairing_the_circle, nicolae_vaults_ninety_degrees,
          minmay_crypt_entry_necro_gods, v_rooms_6, hangedman_vaults_maws,
          grunt_tower_of_power, nicolae_vaults_yaktaur_gun_rack,
          ontoclasm_vaults_ligature, nicolae_vaults_shelves_hall, v_pattern_5,
          layout_vaults_maze_bifur
Vaults:3: vaults_room_pool, v_misc_14, hangedman_vaults_restitches,
          hangedman_vaults_trim, v_misc_2, v_pattern_2, v_misc_19,
          layout_vaults_big_room, uniq_donald
Vaults:4: biasface_ghost_orc_armoury, v_misc_23, v_misc_32,
          hangedman_vaults_cutoff, nicolae_vaults_three_branches,
          hangedman_vaults_capsules, v_misc_15, layout_vaults_omnigrid
Vaults:5: serial_shops, uniq_sojobo
Depths:1: layout_gridlike, enter_ziggurat_f, ebering_ghost_reflecting_pool,
          nicolae_dithmenos_shadow_blocks, grunt_mini_vestibule,
          chequers_serial_rivers_small_b, glass_columns_b,
          minmay_stone_trees_small, minmay_misc_feat_diagonals,
          solitary_fountain
Depths:2: radiant_caverns_b_rkd, hell_entry, abyss_entry, pan_entry,
          uniq_saint_roka
Depths:3: minmay_the_grid_square_5x5_5x5 [minmay_the_grid_square_5x5_checkered,
          minmay_the_grid_square_5x5_almost_minimal,
          minmay_the_grid_square_5x5_eight_small,
          minmay_the_grid_square_5x5_trominoes,
          minmay_the_grid_square_5x5_eight, minmay_the_grid_square_5x5_inner_i,
          minmay_the_grid_square_5x5_prize_open,
          minmay_the_grid_square_5x5_three_small,
          minmay_the_grid_square_5x5_prize_waves,
          minmay_the_grid_square_5x5_gyroscope,
          minmay_the_grid_square_5x5_minivault, minmay_the_grid_square_5x5_bite,
          minmay_the_grid_square_5x5_prize_itemx,
          minmay_the_grid_square_5x5_moneybag, minmay_the_grid_square_5x5_six,
          minmay_the_grid_square_5x5_hourglass,
          minmay_the_grid_square_5x5_prize_monsterx,
          minmay_the_grid_square_5x5_half_checkered,
          minmay_the_grid_square_5x5_prize_deathbox,
          minmay_the_grid_square_5x5_c, minmay_the_grid_square_5x5_broken_cross,
          minmay_the_grid_square_5x5_spiral, minmay_the_grid_square_5x5_v,
          minmay_the_grid_square_5x5_checkered_statues,
          minmay_the_grid_square_5x5_comb], layout_gridlike,
          abyss_entry_glasseish, hell_entry, infiniplex_staircase_pool_1
Depths:4: grunt_zot_entry_hairpin, layout_cave_pools, serial_shops,
          bzr_entry_islet, hell_entry, serial_co_window_serial,
          co_window_corner_a, co_window_paths_b, co_window_of_opportunity_a,
          co_window_of_opportunity_a, co_window_paths_a, co_window_paths_a,
          co_window_paths_a, co_window_of_opportunity_c,
          co_window_of_opportunity_c, co_window_unsneaky_path_d,
          co_window_unsneaky_path_d, co_window_cross_2, co_window_corner_b,
          uniq_josephina
Zot:1:    ebering_greatest_show_in_zot, layout_cellular_growth, zot_minivault_6
Zot:2:    gammafunk_the_bubble [the_bubble_gammafunk_split], layout_onion
Zot:3:    layout_onion_interference
Zot:4:    layout_gridville, basic_altar
Zot:5:    layout_cathedral_of_symmetry

Skill      XL: |  1  2  3  4  5  6  7  8  9 10 11 12 13 14 15 16 17 18 19 20 21 22 23 24 25 26 27 |
---------------+----------------------------------------------------------------------------------+-----
Stealth        | 10 11 12 13 14 15 16 17 18 19 20 21 | 21.2
Invocations    | 1 2 3 4 5 6 7 8 10 11 12 13 14 15 16 17 18 19 20 21 | 21.0
Short Blades   | 1 2 3 4 5 6 7 8 9 10 11 12 13 14 15 16 17 18 19 | 19.4
Long Blades    | 1 2 3 4 5 6 7 8 9 10 11 12 13 14 15 16 17 18 19 | 19.4
Axes           | 1 2 3 4 5 6 7 8 9 10 11 12 13 14 15 16 17 18 19 | 19.4
Maces & Flails | 1 2 3 4 5 6 7 8 9 10 11 12 13 14 15 16 17 18 19 20 | 20.8
Staves         | 1 2 3 4 5 6 7 8 9 10 11 12 13 14 15 16 17 18 19 21 22 | 22.3
Ranged Weapons | 1 2 3 4 5 6 7 8 9 10 11 12 13 14 15 16 17 18 19 | 19.4
Throwing       | 1 2 3 4 5 6 7 8 9 10 11 12 13 14 15 16 17 18 19 | 19.4
Armour         | 1 2 3 4 5 6 7 8 9 10 11 12 13 14 15 16 17 18 19 | 19.4
Shields        | 1 2 3 4 5 6 7 8 9 10 11 12 13 14 15 16 17 18 19 | 19.4
Unarmed Combat | 1 2 3 4 5 6 7 8 9 10 11 12 13 14 15 16 17 18 19 | 19.4
Spellcasting   | 1 2 3 4 5 6 7 8 9 10 11 12 13 14 15 16 17 18 19 | 19.4
Evocations     | 1 2 3 4 5 6 7 8 9 10 11 12 13 14 15 16 17 18 19 | 19.4
Conjurations   | 1 2 3 4 5 6 7 8 9 10 11 12 13 14 15 16 | 16.6
Hexes          | 1 2 3 4 5 6 7 8 9 10 11 12 13 14 15 16 | 16.6
Summonings     | 1 2 3 4 5 6 7 8 9 10 11 12 13 14 15 16 | 16.6
Necromancy     | 1 2 3 4 5 6 7 8 9 10 11 12 13 14 15 16 | 16.6
Translocations | 1 2 3 4 5 6 7 8 9 10 11 12 13 14 15 16 | 16.6
Transmutations | 1 2 3 4 5 6 7 8 9 10 11 12 13 14 15 16 | 16.6
Fire Magic     | 1 2 3 4 5 6 7 8 9 10 11 12 13 14 15 16 | 16.6
Ice Magic      | 1 2 3 4 5 6 7 8 9 10 11 12 13 14 15 16 | 16.6
Air Magic      | 1 2 3 4 5 6 7 8 9 10 11 12 13 14 15 16 | 16.6
Earth Magic    | 1 2 3 4 5 6 7 8 9 10 11 12 13 14 15 16 | 16.6
Poison Magic   | 1 2 3 4 5 6 7 8 9 10 11 12 13 14 15 16 | 16.6
Polearms       | 5 6 7 8 9 10 11 12 13 14 15 16 17 18 19 | 19.9
Dodging        | 5 6 7 8 9 10 11 12 13 14 15 16 17 18 19 | 19.9
Fighting       | 7 8 9 10 11 12 13 14 15 16 17 18 19 20 | 20.3

Action                   |  1- 3 |  4- 6 |  7- 9 | 10-12 | 13-15 | 16-18 | 19-21 | 22-24 | 25-27 || total
-------------------------+-------+-------+-------+-------+-------+-------+-------+-------+-------++-------
Melee: Spear             |   123 |    80 |       |       |       |       |       |       |       ||   203
       Bite              |     7 |    20 |    24 |    44 |    78 |   179 |   182 |   257 |   354 ||  1145
       Punch             |     1 |       |       |     4 |     3 |     4 |       |       |       ||    12
       Halberd           |       |    88 |   242 |   456 |   548 |   339 |       |       |       ||  1673
       Dagger            |       |       |     1 |     1 |     1 |    12 |     9 |     2 |       ||    26
       War axe           |       |       |       |    26 |   105 |   648 |   457 |   799 |  1311 ||  3346
       Unarmed           |       |       |       |       |    17 |       |       |       |       ||    17
       Staff             |       |       |       |       |       |     6 |   102 |    60 |       ||   168
       Demon trident     |       |       |       |       |       |       |   527 |   540 |   312 ||  1379
       Double sword      |       |       |       |       |       |       |       |       |     8 ||     8
 Fire: Shortbow          |       |       |       |    78 |    76 |       |       |       |       ||   154
       Arbalest          |       |       |       |       |   170 |   150 |       |       |       ||   320
Throw: Stone             |     3 |     9 |    12 |     6 |       |       |       |       |       ||    30
       Boomerang         |       |       |     7 |     5 |       |   125 |    17 |     4 |       ||   158
       Dart              |       |       |     6 |     4 |     4 |     1 |       |       |       ||    15
       Javelin           |       |       |       |     7 |       |    19 |    13 |    35 |    26 ||   100
 Cast: Conjure Flame     |       |       |       |     2 |       |       |       |       |       ||     2
       Summon Mana Viper |       |       |       |       |    13 |     5 |    27 |    22 |    10 ||    77
       Summon Forest     |       |       |       |       |     2 |     6 |    41 |    17 |     6 ||    72
       Tukima's Dance    |       |       |       |       |     1 |       |     2 |       |       ||     3
       Anguish           |       |       |       |       |       |     2 |     7 |     2 |       ||    11
       Mephitic Cloud    |       |       |       |       |       |    11 |    15 |    10 |     4 ||    40
       Irradiate         |       |       |       |       |       |     4 |     2 |       |     2 ||     8
       Teleport Other    |       |       |       |       |       |     2 |       |       |       ||     2
       Summon Cactus Gia |       |       |       |       |       |       |    23 |    46 |    13 ||    82
       Eringya's Noxious |       |       |       |       |       |       |     3 |     5 |    11 ||    19
       Passage of Golubr |       |       |       |       |       |       |       |     1 |     7 ||     8
       Fulminant Prism   |       |       |       |       |       |       |       |       |    13 ||    13
       Malign Gateway    |       |       |       |       |       |       |       |       |    20 ||    20
       Monstrous Menager |       |       |       |       |       |       |       |       |    20 ||    20
       Dispersal         |       |       |       |       |       |       |       |       |     2 ||     2
Invok: Bend Time         |       |       |       |     2 |     1 |     1 |     1 |     2 |     2 ||     9
       Slouch            |       |       |       |       |       |     7 |       |       |       ||     7
       Step From Time    |       |       |       |       |       |     3 |       |       |     1 ||     4
 Abil: Evoke Blink       |       |       |       |       |     1 |     5 |     1 |       |       ||     7
Evoke: Wand              |       |     1 |       |       |       |     1 |       |     1 |     3 ||     6
       Box of beasts     |       |       |       |       |     1 |       |       |       |     1 ||     2
       Condenser vane    |       |       |       |       |       |     1 |       |     2 |       ||     3
       Phial of floods   |       |       |       |       |       |       |     1 |       |       ||     1
       Phantom mirror    |       |       |       |       |       |       |       |       |     2 ||     2
  Use: Scroll            |     3 |     3 |     8 |    13 |    10 |     1 |     1 |     8 |    25 ||    72
       Potion            |       |       |       |       |     1 |     3 |       |     1 |    14 ||    19
 Stab: Sleeping          |    13 |     8 |    10 |     4 |     2 |    18 |    27 |     5 |     7 ||    94
       Distracted        |       |       |       |     4 |     5 |     6 |    21 |    16 |    20 ||    72
       Petrified         |       |       |       |       |     4 |       |       |       |       ||     4
       Invisible         |       |       |       |       |       |     5 |       |       |       ||     5
       Confused          |       |       |       |       |       |    22 |    32 |    13 |     7 ||    74
Armor: Leather armour    |     1 |       |       |       |       |       |       |       |       ||     1
       Ring mail         |    21 |    22 |       |       |       |       |       |       |       ||    43
       Scale mail        |       |    27 |    88 |   167 |   194 |   306 |    81 |    18 |       ||   881
       Acid dragon scale |       |       |       |       |     1 |       |       |       |       ||     1
       Gold dragon scale |       |       |       |       |       |       |       |   241 |   530 ||   771
Dodge: Dodged            |    32 |    77 |   146 |   339 |   657 |  1195 |   417 |   600 |   924 ||  4387
Block: Kite shield       |       |       |       |       |     3 |   505 |   705 |  1018 |  1555 ||  3786
       Reflection        |       |       |       |       |       |       |    96 |    57 |    46 ||   199
